 Dungeon Crawl Stone Soup version 0.19.0 (webtiles) character file.

67 Danakh the Skirmisher (level 3, 0/43 HPs)
             Began as a Demonspawn Fighter on Nov 12, 2016.
             Succumbed to an adder's poison
             ... on level 2 of the Dungeon.
             The game lasted 00:03:13 (1055 turns).

Danakh the Skirmisher (Demonspawn Fighter)          Turns: 1055, Time: 00:03:14

Health: 0/43       AC:  9    Str: 22    XL:     3   Next: 98%
Magic:  3/3        EV:  7    Int:  9    God:
Gold:   54         SH:  9    Dex: 12    Spells: 0 memorised, 2 levels left

rFire  . . .     SeeInvis .     a - +0 war axe
rCold  + . .     Gourm    .     b - +0 scale mail
rNeg   . . .     Faith    .     c - +0 shield
rPois  .         Spirit   .     (helmet restricted)
rElec  .         Reflect  .     (no cloak)
rCorr  .         Harm     .     (no gloves)
MR     .....                    (no boots)
Stlth  ..........               (no amulet)
                                (no ring)
                                h - ring of loudness (curse)

@: berserking, lethally poisoned (0 -> -5), very quick
A: horns 1, molten scales 1, cold resistance 1, nightstalker 1, shaggy fur 1
a: no special abilities


You were on level 2 of the Dungeon.
You were not hungry.

You visited 1 branch of the dungeon, and saw 2 of its levels.

You collected 54 gold pieces.

Inventory:

Hand Weapons
 a - a +0 war axe (weapon)
Armour
 b - a +0 scale mail (worn)
 c - a +0 shield (worn)
Jewellery
 h - a cursed ring of loudness (left hand)
Scrolls
 g - 2 scrolls of enchant armour {unknown}
 i - 2 scrolls of identify {unknown}
 j - a scroll of remove curse {unknown}
 k - 3 scrolls of enchant weapon {unknown}
 q - a scroll of amnesia {unknown}
 r - a scroll of immolation {unknown}
 t - a scroll of fog {unknown}
Potions
 d - a potion of might
 e - a potion of invisibility {unknown}
 l - a potion of brilliance {unknown}
 n - a potion of mutation
 o - a potion of agility {unknown}
 p - a potion of heal wounds {unknown}
 s - a potion of berserk rage
 u - a potion of resistance {unknown}
Comestibles
 f - 3 bread rations
 m - 2 chunks of flesh


   Skills:
 + Level 3.4 Fighting
 * Level 2.9 Axes
 + Level 3.0 Armour
 + Level 3.1 Shields


You had 2 spell levels left.
You didn't know any spells.

Dungeon Overview and Level Annotations

Branches:
Dungeon (2/15)

Altars:
Nemelex Xobeh


Innate Abilities, Weirdness & Mutations

You are partially covered in molten scales. (AC +2)
You are slightly more attuned to the shadows.
You have a pair of small horns on your head.
Your flesh is cold resistant. (rC+)
You are covered in fur. (AC +1)


Message History

You miss the adder.
The adder is heavily wounded.
* * * LOW HITPOINT WARNING * * *
You feel sick. The adder bites you.
* * * LOW HITPOINT WARNING * * *
You are more poisoned.
The adder poisons you! You block the adder's attack.
It was a potion of mutation.
You feel extremely strange. Fur sprouts all over your body.
You feel resistant to cold. A pair of horns grows on your head!
The adder barely misses you.
It was a potion of berserk rage.
A red film seems to cover your vision as you go berserk!
You feel yourself moving faster!
You feel mighty!
* * * LOW HITPOINT WARNING * * *
You feel sick. The adder barely misses you.
The adder bites you but does no damage.
You closely miss the adder. Your headbutt misses the adder.
The adder is heavily wounded.
You die...

.# #.#
>####### #.#
.......# #.#
....##.# #.#
.##.##.# #.#
.#...#.# ##[##
.......# #...#
.<.....# #...#
#...>.## #..@#
##...## ###S#
###.## #.#
....#######
#.#
##.>.......
..# .....# #.#
.#.#.# #.#
.....# ###
.#..†#####....


You could see an adder.

Vanquished Creatures
  2 adders (D:2)
  2 oozes (D:1)
  A worm (D:2)
  A dart slug (D:2)
  A leopard gecko (D:1)
  3 giant cockroaches
  7 goblins
  4 hobgoblins (D:1)
  4 kobolds (D:1)
  4 bats (D:2)
  2 frilled lizards
  4 rats
35 creatures vanquished.

Notes
Turn   | Place    | Note
-------+----------+-------------------------------------------
     0 | D:1      | Danakh the Demonspawn Fighter began the quest for the Orb.
     0 | D:1      | Reached XP level 1. HP: 18/18 MP: 1/1
    94 | D:1      | Gained mutation: You are slightly more attuned to the shadows. [demonic ancestry]
    94 | D:1      | Reached XP level 2. HP: 17/24 MP: 2/2
   553 | D:1      | Gained mutation: You are partially covered in molten scales. (AC +2) [demonic ancestry]
   553 | D:1      | Reached XP level 3. HP: 24/29 MP: 3/3
   932 | D:2      | Found a sparkling altar of Nemelex Xobeh.
  1052 | D:2      | HP: 1/29 [adder (2)]
  1053 | D:2      | Gained mutation: You are covered in fur. (AC +1) [potion of mutation]
  1053 | D:2      | Gained mutation: Your flesh is cold resistant. (rC+) [potion of mutation]
  1053 | D:2      | Gained mutation: You have a pair of small horns on your head. [potion of mutation]
  1055 | D:2      | Succumbed to an adder's poison

Skill      XL: |  1  2  3 |
---------------+----------+-----
Axes           | 2 |  2.9
Shields        | 3 |  3.1
Armour         | 3 |  3.0
Fighting       | |  3.4

Action                   || total
-------------------------++-------
Melee: War axe           ||   136
  Use: Potion            ||     2
  Eat: Chunk             ||     1
Armor: Scale mail        ||    64
Dodge: Dodged            ||    47
Block: Shield            ||    64
